[Event "Titled Tuesday Blitz August 1 Early 2023"]
[White "Bychkov, Vladimir"]
[Black "Do Valle Cardoso, Lucas"]
[WhiteFideId "24151513"]
[BlackFideId "2163144"]
[WhiteElo "2458"]
[BlackElo "2663"]
[Result "0-1"]
[Round "3"]
[TimeControl "180+1"]
[Date "2023.08.01"]
[WhiteClock "0:01:02"]
[BlackClock "0:01:08"]
[Board "111"]

1. d4 d5 2. c4 dxc4 3. e3 e5 4. Nf3 exd4 5. Bxc4 Bb4+ 6. Nbd2 dxe3 7. fxe3 Nc6 8. O-O Nf6 9. e4 O-O 10. e5 Nxe5 11. Nxe5 Qd4+ 12. Kh1 Qxe5 13. a3 Bg4 14. Nf3 Bxf3 15. Qxf3 Bd6 16. Bf4 Qxf4 17. Qxf4 Bxf4 18. Rxf4 h6 19. g4 Rfe8 20. Rg1 Re4 21. Rxe4 Nxe4 22. Kg2 Rd8 23. h4 Rd2+ 24. Kf3 Nd6 25. Be2 Rxb2 26. g5 hxg5 27. Rxg5 Rb3+ 28. Kf4 Rxa3 29. h5 Kf8 30. Bf3 Ra4+ 31. Ke3 Ra5 32. Rg1 Re5+ 33. Kf4 f6 34. Ra1 a5 35. Rh1 b5 36. h6 gxh6 37. Rxh6 Kg7 38. Rh1 a4 39. Bc6 Rf5+ 40. Ke3 Rc5 41. Bd7 a3 42. Kd4 Re5 43. Rb1 c5+ 44. Kd3 b4 45. Ba4 Rd5+ 46. Ke3 Nc4+ 47. Kf4 Rd4+ 48. Kf5 Ne3+ 49. Ke6 a2 50. Rg1+ Rg4 51. Re1 Rg2 52. Bb3 c4 53. Rxe3 a1=Q 0-1


[Site "https://www.chess.com"]

[Event "Titled Tuesday Blitz August 1 Early 2023"]
[White "Itgelt, Khuyagtsogt"]
[Black "Willy, Stephen"]
[WhiteFideId "4902912"]
[BlackFideId "30981468"]
[WhiteElo "2659"]
[BlackElo "2456"]
[Result "1-0"]
[Round "3"]
[TimeControl "180+1"]
[Date "2023.08.01"]
[WhiteClock "0:00:08"]
[BlackClock "0:00:03"]
[Board "112"]

1. d4 d5 2. Nf3 Nf6 3. c4 e6 4. g3 Bb4+ 5. Bd2 Be7 6. Bg2 O-O 7. O-O c6 8. Qc2 Nbd7 9. Bg5 h6 10. Bxf6 Nxf6 11. Nbd2 b6 12. e4 Bb7 13. Rfd1 Qc8 14. Rac1 c5 15. cxd5 exd5 16. e5 Ne4 17. Nxe4 dxe4 18. Nd2 cxd4 19. Nxe4 Qxc2 20. Rxc2 Rac8 21. Rxc8 Bxc8 22. Rxd4 Be6 23. Nd6 Rd8 24. a3 f6 25. f4 fxe5 26. fxe5 Bg5 27. Kf2 Bc1 28. Bd5 Bxd5 29. Rxd5 Bxb2 30. e6 Bf6 31. Kf3 Be7 32. Nf5 Kf8 33. Rd7 Rxd7 34. exd7 Bd8 35. Ke4 Kf7 36. Kd5 Kf6 37. Nd6 Ke7 38. Kc6 Ke6 39. Nb7 Ke7 40. Nd6 Ke6 41. a4 Ke7 42. Nc8+ Ke6 43. Nxa7 g5 44. g4 Ke5 45. Kb7 Ke6 46. Nc6 Kxd7 47. Nxd8 Kxd8 48. Kxb6 Kd7 49. a5 Kc8 50. a6 Kb8 51. Kc6 Ka7 52. h3 Kxa6 53. Kd6 Kb6 54. Ke6 Kc6 55. Kf6 Kd5 56. Kg6 Ke5 57. Kxh6 Kf4 58. Kh5 Kg3 59. Kxg5 Kxh3 60. Kh5 1-0


[Site "https://www.chess.com"]

[Event "Titled Tuesday Blitz August 1 Early 2023"]
[White "favesaul"]
[Black "caropawn10"]
[WhiteElo "2456"]
[BlackElo "2657"]
[Result "1-0"]
[Round "3"]
[TimeControl "180+1"]
[Date "2023.08.01"]
[WhiteClock "0:00:49"]
[BlackClock "0:00:12"]
[Board "113"]

1. e4 c6 2. d4 d5 3. e5 Bf5 4. h4 h5 5. Bd3 Bxd3 6. Qxd3 Qa5+ 7. Nd2 e6 8. c4 Nd7 9. Ne2 Nh6 10. O-O Nf5 11. Rb1 Be7 12. a3 dxc4 13. Nxc4 Qd8 14. g3 O-O 15. b4 g6 16. Rd1 Nb6 17. Nd2 Nd5 18. Ne4 Kg7 19. Bg5 Bxg5 20. hxg5 Qb6 21. N2c3 Nxc3 22. Qxc3 Rfd8 23. Nc5 Rd5 24. Rd3 Rad8 25. Rbd1 Qc7 26. Kg2 b6 27. Ne4 c5 28. dxc5 Rxd3 29. Rxd3 Rxd3 30. Qxd3 bxc5 31. bxc5 Qxe5 32. c6 Nd4 33. c7 Qxc7 34. Qxd4+ e5 35. Qd5 h4 36. gxh4 a5 37. Nf6 Qe7 38. Qa8 1-0


[Site "https://www.chess.com"]

[Event "Titled Tuesday Blitz August 1 Early 2023"]
[White "Kwon, Sehyun"]
[Black "TomLiu777"]
[WhiteFideId "13203088"]
[WhiteElo "2648"]
[BlackElo "2455"]
[Result "1-0"]
[Round "3"]
[TimeControl "180+1"]
[Date "2023.08.01"]
[WhiteClock "0:00:23"]
[BlackClock "0:00:00"]
[Board "114"]

1. Nf3 Nf6 2. b3 g6 3. Bb2 Bg7 4. e3 Kf8 5. d4 d5 6. Nbd2 Bg4 7. Be2 Nbd7 8. O-O h5 9. c4 c6 10. h3 Bf5 11. Ne5 Kg8 12. Ndf3 h4 13. Rc1 Rh5 14. cxd5 cxd5 15. Nxd7 Bxd7 16. Ne5 Rg5 17. Kh2 Bf5 18. Nf3 Qd6+ 19. Kh1 Rh5 20. Bc3 Be4 21. Be1 Rf8 22. Ne5 Rxe5 23. dxe5 Qxe5 24. Bf3 e6 25. Bc3 Qf5 26. Bxf6 Bxf6 27. Bxe4 dxe4 28. Qg4 Qe5 29. Rc4 Be7 30. Qxe4 Qg5 31. Qxb7 Bd6 32. Qf3 Qe5 33. Qf4 1-0


[Site "https://www.chess.com"]

[Event "Titled Tuesday Blitz August 1 Early 2023"]
[White "Iskusnyh, Sergei"]
[Black "chessmateto"]
[WhiteFideId "4120027"]
[WhiteElo "2632"]
[BlackElo "2454"]
[Result "0-1"]
[Round "3"]
[TimeControl "180+1"]
[Date "2023.08.01"]
[WhiteClock "0:01:11"]
[BlackClock "0:01:14"]
[Board "115"]

1. d4 d5 2. c4 c6 3. Nf3 Nf6 4. e3 Bf5 5. Nc3 e6 6. Nh4 Be4 7. f3 Bg6 8. Nxg6 hxg6 9. Bd2 Be7 10. Qc2 Qc7 11. O-O-O dxc4 12. Bxc4 b5 13. Nxb5 cxb5 14. Bxb5+ Kd8 15. Bc3 Nd5 16. Rhe1 Nd7 17. Rd3 Rb8 18. Ba4 N7b6 19. Bb3 Nb4 20. Bxb4 Qxc2+ 21. Kxc2 Bxb4 22. Red1 Rxh2 23. d5 Rxg2+ 24. Kb1 exd5 25. Bxd5 Nxd5 26. Rxd5+ Ke7 27. Rd7+ Kf8 28. Rxa7 Bc3 29. Rdd7 Rbxb2+ 30. Kc1 Rg1+ 31. Rd1 Rxd1+ 32. Kxd1 Rd2+ 33. Kc1 Rf2 34. f4 Bd2+ 35. Kc2 Bxe3+ 36. Kd3 Bxa7 0-1


[Site "https://www.chess.com"]

[Event "Titled Tuesday Blitz August 1 Early 2023"]
[White "Kokoszczynski, Jan"]
[Black "Malek, Jan"]
[WhiteFideId "1174460"]
[BlackFideId "21864080"]
[WhiteElo "2452"]
[BlackElo "2630"]
[Result "0-1"]
[Round "3"]
[TimeControl "180+1"]
[Date "2023.08.01"]
[WhiteClock "0:00:09"]
[BlackClock "0:01:22"]
[Board "116"]

1. d4 e6 2. Nf3 Nf6 3. Bf4 b6 4. e3 Bb7 5. Be2 d6 6. h3 Nbd7 7. O-O g6 8. Nbd2 Bg7 9. c3 O-O 10. a4 a6 11. a5 b5 12. c4 b4 13. Qa4 Rb8 14. Rfd1 Qe7 15. Rac1 c5 16. Nb3 Ne4 17. Qa2 Rfd8 18. Nbd2 Rbc8 19. Qa4 Bc6 20. Qc2 f5 21. Bh2 Ndf6 22. Nxe4 Nxe4 23. dxc5 dxc5 24. Ne5 Bb7 25. Bf3 Ng5 26. Bxb7 Qxb7 27. Rxd8+ Rxd8 28. Rd1 Qa8 29. Rd3 Ne4 30. Qd1 Bf6 31. Rd7 Qc8 32. Rxd8+ Qxd8 33. Qxd8+ Bxd8 34. Nc6 Bf6 35. b3 Nd2 36. Bc7 Nxb3 37. Nb8 Nxa5 38. Bxa5 b3 39. Nd7 b2 40. Nxf6+ Kf7 0-1


[Site "https://www.chess.com"]

[Event "Titled Tuesday Blitz August 1 Early 2023"]
[White "Rodriguez, Santiago"]
[Black "Przybylski, Wojciech"]
[WhiteFideId "3000591"]
[BlackFideId "1117599"]
[WhiteElo "2450"]
[BlackElo "2627"]
[Result "0-1"]
[Round "3"]
[TimeControl "180+1"]
[Date "2023.08.01"]
[WhiteClock "0:01:33"]
[BlackClock "0:01:07"]
[Board "117"]

1. d4 d5 2. Nc3 Bf5 3. f3 e5 4. e4 dxe4 5. fxe4 Bg6 6. d5 Bb4 7. Bd3 Bxc3+ 8. bxc3 Bxe4 9. Bxe4 Qh4+ 10. g3 Qxe4+ 11. Qe2 Qxh1 12. Qxe5+ Kd8 13. Bg5+ f6 14. O-O-O Nd7 15. Qe6 fxg5 16. d6 Qc6 17. Re1 Ngf6 18. Qe7+ Kc8 19. Qxg7 Rd8 20. Ne2 Qxd6 21. Nd4 Qf8 22. Qxg5 Qg8 23. Qf5 Qd5 24. Qh3 Qxa2 25. Ne6 Re8 26. Rf1 Qxe6 0-1


[Site "https://www.chess.com"]

[Event "Titled Tuesday Blitz August 1 Early 2023"]
[White "Vantika Agrawal"]
[Black "Rosh Jain"]
[WhiteFideId "25050389"]
[BlackFideId "25789465"]
[WhiteElo "2625"]
[BlackElo "2449"]
[Result "1-0"]
[Round "3"]
[TimeControl "180+1"]
[Date "2023.08.01"]
[WhiteClock "0:00:07"]
[BlackClock "0:00:05"]
[Board "118"]

1. e4 c5 2. Nf3 d6 3. c3 Nf6 4. Be2 Nc6 5. d4 cxd4 6. cxd4 e5 7. d5 Ne7 8. Nc3 g6 9. O-O Bg7 10. Bb5+ Bd7 11. a4 O-O 12. Qb3 h6 13. h3 a6 14. Bxd7 Nxd7 15. Qxb7 f5 16. Qb4 Nc5 17. Be3 Nd3 18. Qc4 Nxb2 19. Qe2 Rb8 20. Rfb1 Qc7 21. Rc1 Qc4 22. a5 Qxe2 23. Nxe2 fxe4 24. Nd2 Nxd5 25. Nxe4 Nxe3 26. fxe3 d5 27. Nc5 Ra8 28. Nc3 d4 29. exd4 exd4 30. Nd5 d3 31. Ne6 d2 32. Rcb1 Rfb8 33. Nb6 d1=Q+ 34. Rxd1 Nxd1 35. Nxg7 Kxg7 36. Nxa8 Rb7 37. Rxd1 Rb5 38. Rd7+ Kf6 39. Rd6+ Kg5 40. Rxa6 Rb1+ 41. Kh2 Kf4 42. Nb6 g5 43. Ra7 g4 44. hxg4 Kxg4 45. Nd5 h5 46. a6 h4 47. Rg7+ Kf5 48. a7 Ra1 49. Nb6 h3 50. a8=Q Rxa8 51. Nxa8 hxg2 52. Kxg2 Kf6 53. Rg3 Kf7 54. Kf3 Kf6 55. Kf4 Kf7 56. Kf5 1-0


[Site "https://www.chess.com"]

[Event "Titled Tuesday Blitz August 1 Early 2023"]
[White "Kayis, Gulcan Sena"]
[Black "Nasir, Zehn"]
[WhiteFideId "34553045"]
[BlackFideId "2613239"]
[WhiteElo "2449"]
[BlackElo "2622"]
[Result "0-1"]
[Round "3"]
[TimeControl "180+1"]
[Date "2023.08.01"]
[WhiteClock "0:00:12"]
[BlackClock "0:00:17"]
[Board "119"]

1. e4 c6 2. d4 d5 3. exd5 cxd5 4. Bd3 Nc6 5. c3 Nf6 6. h3 Qc7 7. Ne2 e5 8. dxe5 Nxe5 9. O-O Nxd3 10. Qxd3 Be7 11. Nd2 O-O 12. Nf3 Bd7 13. Bf4 Qb6 14. Ne5 Bb5 15. Qd1 Rfe8 16. Re1 Bc5 17. Nd4 Re7 18. Nef3 Ne4 19. a4 Bc6 20. a5 Qxb2 21. Re2 Qxc3 22. Nf5 Ree8 23. Ne3 Bb5 24. Rc2 Qf6 25. Nxd5 Qf5 26. Be3 Bxe3 27. Nxe3 Qf6 28. Rc7 Rad8 29. Qb1 Bc6 30. a6 Nxf2 31. Kxf2 Bxf3 32. gxf3 Qh4+ 33. Kg1 Rxe3 34. Qf5 Qg3+ 35. Kh1 Re2 36. Qxf7+ Kh8 37. Qxg7+ Qxg7 38. Rxg7 Kxg7 39. axb7 Rb8 40. Rxa7 Rb2 41. Ra8 R8xb7 0-1


[Site "https://www.chess.com"]

[Event "Titled Tuesday Blitz August 1 Early 2023"]
[White "Radzhabov, Rodion"]
[Black "Matyukov, Petr"]
[WhiteFideId "884715"]
[BlackFideId "4103688"]
[WhiteElo "2621"]
[BlackElo "2448"]
[Result "1-0"]
[Round "3"]
[TimeControl "180+1"]
[Date "2023.08.01"]
[WhiteClock "0:00:03"]
[BlackClock "0:00:00"]
[Board "120"]

1. e4 c6 2. Nc3 d5 3. Qe2 dxe4 4. Nxe4 Bf5 5. d3 e6 6. g4 Bg6 7. f4 Ne7 8. Nf3 Qc7 9. Bd2 Nd7 10. O-O-O O-O-O 11. c4 h5 12. g5 Nf5 13. Bh3 Nc5 14. Nxc5 Bxc5 15. Ne5 Nd4 16. Qg2 Bf5 17. Bxf5 Nxf5 18. g6 fxg6 19. Qxg6 Rh6 20. Qf7 Rf8 21. Qxc7+ Kxc7 22. Rde1 Nd4 23. b4 Bd6 24. c5 Bxe5 25. Rxe5 Nf3 26. Re4 Nxd2 27. Kxd2 Rhf6 28. Ke3 Kd7 29. Rg1 R8f7 30. Rg5 Rf5 31. h4 Ke7 32. Rd4 Kf6 33. Rxf5+ Kxf5 34. Kf3 e5 35. Re4 exf4 36. Rxf4+ Ke6 37. Rxf7 Kxf7 38. Kf4 Kf6 39. a4 g6 40. d4 a6 41. a5 Ke6 42. Kg5 Kf7 43. d5 cxd5 44. b5 axb5 45. c6 1-0


[Site "https://www.chess.com"]

[Event "Titled Tuesday Blitz August 1 Early 2023"]
[White "Zeman, Matyas"]
[Black "Mamedov, Edgar"]
[WhiteFideId "364398"]
[BlackFideId "13739980"]
[WhiteElo "2447"]
[BlackElo "2620"]
[Result "0-1"]
[Round "3"]
[TimeControl "180+1"]
[Date "2023.08.01"]
[WhiteClock "0:01:18"]
[BlackClock "0:01:31"]
[Board "121"]

1. d4 d5 2. Nf3 Nf6 3. Bf4 e6 4. e3 Bd6 5. Bg3 O-O 6. Nbd2 c5 7. c3 Nc6 8. Bd3 b6 9. e4 Be7 10. e5 Nh5 11. Ng5 Bxg5 12. Qxh5 g6 13. Qe2 cxd4 14. Nf3 dxc3 15. bxc3 Bh6 16. h4 f5 17. exf6 Qxf6 18. h5 Qxc3+ 19. Kf1 Qxa1+ 20. Ne1 g5 21. Bb5 Nd4 22. Qe5 Bg7 23. Qxg5 h6 0-1


[Site "https://www.chess.com"]

[Event "Titled Tuesday Blitz August 1 Early 2023"]
[White "Guerra Tulcan, Lenin"]
[Black "Gatterer, Florian"]
[WhiteFideId "3601382"]
[BlackFideId "811688"]
[WhiteElo "2620"]
[BlackElo "2440"]
[Result "1/2-1/2"]
[Round "3"]
[TimeControl "180+1"]
[Date "2023.08.01"]
[WhiteClock "0:01:28"]
[BlackClock "0:01:37"]
[Board "122"]

1. e4 c5 2. Nf3 e6 3. d4 cxd4 4. Nxd4 Nf6 5. Nc3 Nc6 6. Ndb5 Bb4 7. a3 Bxc3+ 8. Nxc3 d5 9. exd5 exd5 10. Bd3 O-O 11. O-O Bg4 12. f3 Bh5 13. Kh1 Qb6 14. Rb1 d4 15. Ne4 Nxe4 16. Bxe4 Bg6 17. Bxg6 hxg6 18. Bf4 Rad8 19. Qd3 Rfe8 20. b3 Qc5 21. Rbe1 a6 22. Bg3 Qxa3 23. Re4 Rxe4 24. fxe4 Qc5 1/2-1/2


[Site "https://www.chess.com"]

[Event "Titled Tuesday Blitz August 1 Early 2023"]
[White "Burmakin, Vladimir"]
[Black "Kashtanov, Ruslan"]
[WhiteFideId "4105109"]
[BlackFideId "4124871"]
[WhiteElo "2618"]
[BlackElo "2439"]
[Result "0-1"]
[Round "3"]
[TimeControl "180+1"]
[Date "2023.08.01"]
[WhiteClock "0:00:00"]
[BlackClock "0:00:03"]
[Board "123"]

1. c4 Nf6 2. g3 e6 3. Nf3 d5 4. Bg2 d4 5. O-O c5 6. e3 Nc6 7. exd4 cxd4 8. d3 Bd6 9. Bg5 h6 10. Bxf6 Qxf6 11. a3 a5 12. Nbd2 Qd8 13. Re1 e5 14. c5 Bc7 15. Nc4 f6 16. Nh4 O-O 17. Be4 f5 18. Bxc6 bxc6 19. Nxe5 Qd5 20. Nhg6 Re8 21. Nxc6 Qxc6 22. Ne7+ Rxe7 23. Rxe7 Bb7 24. f3 Kf8 25. Re1 a4 26. Rc1 Rd8 27. Qe2 Qxf3 28. Qe7+ Kg8 29. c6 Bxg3 30. Qxd8+ Kh7 31. Qxd4 Bxc6 32. Rxc6 Bxe1 33. Rc2 Bh4 34. Qc3 Qe3+ 35. Kf1 Qf3+ 36. Kg1 Qe3+ 37. Kf1 Bf6 38. Qd2 Qf3+ 39. Qf2 Qxd3+ 40. Re2 Qb1+ 41. Kg2 h5 42. Qf3 Kh6 43. Rf2 g6 44. Qf4+ Bg5 45. Qd4 Qe1 0-1


[Site "https://www.chess.com"]

[Event "Titled Tuesday Blitz August 1 Early 2023"]
[White "Herman, Daniel"]
[Black "Pham, Le Thao Nguyen"]
[WhiteFideId "30935008"]
[BlackFideId "12401226"]
[WhiteElo "2433"]
[BlackElo "2617"]
[Result "0-1"]
[Round "3"]
[TimeControl "180+1"]
[Date "2023.08.01"]
[WhiteClock "0:00:01"]
[BlackClock "0:00:22"]
[Board "124"]

1. d4 Nf6 2. c4 e6 3. Nf3 b6 4. g3 Bb7 5. Bg2 Bb4+ 6. Bd2 a5 7. O-O O-O 8. Nc3 Re8 9. Qc2 d6 10. Rad1 Nbd7 11. Bc1 Bxc3 12. Qxc3 a4 13. b3 axb3 14. axb3 Ra2 15. Bb2 Qe7 16. Ra1 Rea8 17. Rxa2 Rxa2 18. Ra1 Rxa1+ 19. Bxa1 Qd8 20. Qb2 Qa8 21. Bh3 Bxf3 22. exf3 Qxf3 23. d5 e5 24. Qc2 Nc5 25. b4 Qd3 26. Qxd3 Nxd3 27. Bc3 b5 28. cxb5 Nxd5 29. Bd2 N3xb4 30. Bd7 Nb6 31. Bf5 N4d5 32. Be4 g6 33. f4 f5 34. Bd3 e4 35. Bc2 Kf7 36. Bb3 Ke7 37. Kf2 Kd7 38. h3 h5 39. g4 hxg4 40. hxg4 Nf6 41. gxf5 gxf5 42. Kg3 Nbd5 43. Kh4 e3 44. Bc1 Nxf4 45. Bc4 e2 0-1


[Site "https://www.chess.com"]

[Event "Titled Tuesday Blitz August 1 Early 2023"]
[White "GAO"]
[Black "Ovchinnikov, Vsevolod"]
[BlackFideId "24176842"]
[WhiteElo "2433"]
[BlackElo "2614"]
[Result "1-0"]
[Round "3"]
[TimeControl "180+1"]
[Date "2023.08.01"]
[WhiteClock "0:00:12"]
[BlackClock "0:00:10"]
[Board "125"]

1. Nf3 Nf6 2. d4 g6 3. Bg5 Bg7 4. Nbd2 d6 5. e4 Nbd7 6. Bd3 e5 7. c3 h6 8. Bh4 O-O 9. O-O b6 10. a4 a6 11. dxe5 dxe5 12. Nc4 Qe8 13. Bc2 Bb7 14. Re1 Nh5 15. Ne3 Rc8 16. Nd5 f6 17. Qd3 Kh8 18. b4 Nf4 19. Qc4 Nxd5 20. exd5 Qf7 21. Rad1 f5 22. h3 e4 23. Nh2 Ne5 24. Qe2 Bxd5 25. Nf1 Bc4 26. Qe3 Bd3 27. Bxd3 Nxd3 28. Rxd3 exd3 29. Qxd3 Rfe8 30. Rd1 a5 31. bxa5 bxa5 32. c4 g5 33. Bg3 f4 34. Bh2 Rcd8 35. Qxd8 Rxd8 36. Rxd8+ Kh7 37. Rd5 Bc3 38. g3 f3 39. g4 c6 40. Rc5 Qd7 41. Bg3 Bb4 42. Rf5 Qd3 43. Rf7+ Kg8 44. Rf6 Qxc4 45. Rxh6 Kf7 46. Ne3 Qc1+ 47. Nf1 Bc5 48. Rh7+ Kg6 49. Rc7 Bd4 50. Rc8 c5 51. Rc6+ Kf7 52. Rc8 Ke6 53. Rc6+ Kd5 54. Rc8 Kc4 55. Rf8 Kb3 56. Rxf3+ Kxa4 57. Kg2 Kb5 58. Ne3 Qb1 59. Nf5 Qe4 60. Nd6+ Kb4 61. Nxe4 a4 62. Nd2 c4 63. h4 c3 64. Rd3 c2 65. Rxd4+ Kc5 66. Rc4+ Kb5 67. Rxc2 a3 68. Ra2 gxh4 69. Rxa3 hxg3 70. Kxg3 Kb4 71. f4 Kxa3 72. f5 Kb2 73. f6 Kc3 74. f7 Kxd2 75. f8=Q Ke3 76. g5 Kd4 77. g6 Kd5 78. g7 1-0


[Site "https://www.chess.com"]

[Event "Titled Tuesday Blitz August 1 Early 2023"]
[White "Omorjan, Dejan"]
[Black "Vivas Zamora, Fabian Ernesto"]
[WhiteFideId "955345"]
[BlackFideId "3902480"]
[WhiteElo "2611"]
[BlackElo "2433"]
[Result "1-0"]
[Round "3"]
[TimeControl "180+1"]
[Date "2023.08.01"]
[WhiteClock "0:00:04"]
[BlackClock "0:00:00"]
[Board "126"]

1. d4 d5 2. Nf3 Nf6 3. e3 c5 4. dxc5 Nc6 5. a3 a5 6. c4 e6 7. Nc3 Bxc5 8. cxd5 exd5 9. Be2 O-O 10. O-O Re8 11. Nb5 Bg4 12. Nfd4 Bxe2 13. Nxe2 Qb6 14. a4 Rad8 15. Ned4 Bxd4 16. exd4 Ne4 17. Bf4 Rd7 18. Re1 Rde7 19. f3 Nf6 20. Rxe7 Rxe7 21. Qd2 h6 22. Bd6 Re6 23. Bc7 Qa6 24. Re1 Rxe1+ 25. Qxe1 Qa8 26. Nd6 Nxd4 27. Qxa5 Qxa5 28. Bxa5 Nb3 29. Bb4 b6 30. Nc8 Nd7 31. Kf2 Ndc5 32. Bxc5 bxc5 33. Ne7+ Kf8 34. Nxd5 Ke8 35. Ke2 Kd7 36. Kd3 Kc6 37. Nc3 Kb6 38. Kc4 Nd2+ 39. Kd3 Nb3 40. h4 h5 41. Ne4 1-0


[Site "https://www.chess.com"]

[Event "Titled Tuesday Blitz August 1 Early 2023"]
[White "Ozates, Tuna"]
[Black "Pershina, Elena"]
[WhiteFideId "6354521"]
[BlackFideId "24147516"]
[WhiteElo "2611"]
[BlackElo "2432"]
[Result "1-0"]
[Round "3"]
[TimeControl "180+1"]
[Date "2023.08.01"]
[WhiteClock "0:00:07"]
[BlackClock "0:00:00"]
[Board "127"]

1. e4 c5 2. Nf3 Nc6 3. Nc3 e5 4. Bc4 Be7 5. d3 Nf6 6. Nd2 d6 7. Nf1 Be6 8. Ne3 O-O 9. a3 Nd4 10. O-O a6 11. f4 b5 12. Bd5 Bxd5 13. Ncxd5 exf4 14. Rxf4 Ne6 15. Rf1 Nxd5 16. Nxd5 Bg5 17. a4 Bxc1 18. Qxc1 Qh4 19. g3 Qh3 20. Qe3 Nd4 21. Rf2 Rae8 22. axb5 axb5 23. c3 Ne6 24. Ra7 h5 25. Ne7+ Kh7 26. Nf5 Ra8 27. Rxa8 Rxa8 28. Rf1 Ra2 29. Qf2 Ng5 30. Nh4 Qg4 31. Qd2 Nh3+ 32. Kg2 Ng5 33. Nf3 Qh3+ 34. Kg1 Nxf3+ 35. Rxf3 Ra1+ 36. Kf2 Qf1+ 37. Ke3 Re1+ 38. Kf4 Qg1 39. Kg5 Rf1 40. Qf4 f6+ 41. Kf5 Rxf3 42. Qxf3 Qxh2 43. Ke6 Qh3+ 44. Kxd6 h4 45. Qh5+ Kg8 46. Qxh4 1-0


[Site "https://www.chess.com"]

[Event "Titled Tuesday Blitz August 1 Early 2023"]
[White "Urbina Perez, Juan Antonio"]
[Black "brm72"]
[WhiteFideId "2217368"]
[WhiteElo "2432"]
[BlackElo "2609"]
[Result "1-0"]
[Round "3"]
[TimeControl "180+1"]
[Date "2023.08.01"]
[WhiteClock "0:02:14"]
[BlackClock "0:01:37"]
[Board "128"]

1. d4 Nf6 2. c4 g6 3. Nf3 Bg7 4. g3 O-O 5. Bg2 c6 6. O-O d5 7. cxd5 cxd5 8. Ne5 Ng4 9. Nxg4 Bxg4 10. h3 Be6 11. Nc3 Nc6 12. Qb3 Nxd4 13. Qxb7 Qa5 14. Nxd5 Nxe2+ 15. Kh2 Bxd5 16. Qxd5 Nxc1 17. Qxa5 1-0


[Site "https://www.chess.com"]

[Event "Titled Tuesday Blitz August 1 Early 2023"]
[White "musclemonster12"]
[Black "KorolDimitriy75"]
[WhiteElo "2605"]
[BlackElo "2431"]
[Result "1-0"]
[Round "3"]
[TimeControl "180+1"]
[Date "2023.08.01"]
[WhiteClock "0:00:09"]
[BlackClock "0:00:00"]
[Board "129"]

1. Nf3 c5 2. b3 Nc6 3. Bb2 d6 4. e3 e5 5. d4 cxd4 6. exd4 e4 7. d5 exf3 8. dxc6 bxc6 9. Qxf3 d5 10. Be2 Nf6 11. O-O Be7 12. h3 O-O 13. c4 Be6 14. Rd1 Qa5 15. cxd5 cxd5 16. Nc3 Rfd8 17. Nb5 Ne4 18. Nd4 Rac8 19. Nxe6 fxe6 20. Qg4 Bf6 21. Bxf6 Nxf6 22. Qxe6+ Kh8 23. Bf3 h6 24. a3 Rc3 25. b4 Qa4 26. Qe7 Re8 27. Qf7 Rxa3 28. Rac1 Qxb4 29. Bxd5 Rc3 30. Rb1 Qc5 31. Bf3 Rc2 32. Rf1 Rf8 33. Qg6 a5 34. Rb7 Rg8 35. Rf7 a4 36. Rxf6 Qg5 37. Qxg5 hxg5 38. Rf5 a3 39. Rxg5 g6 40. Ra5 a2 41. Bd5 Rd8 42. Bxa2 Rdd2 43. Be6 Kg7 44. Bg4 Kh6 45. Bf3 Rb2 46. g3 Rd3 47. Kg2 Rbb3 48. Be4 Rd4 49. Re5 Rbb4 50. Bf3 Rd2 51. Re3 Rbb2 52. h4 Kg7 53. g4 Rdc2 54. Kg3 Rb4 55. g5 1-0


[Site "https://www.chess.com"]

[Event "Titled Tuesday Blitz August 1 Early 2023"]
[White "vishwa_vijeta"]
[Black "Manukian, Artak"]
[BlackFideId "13301373"]
[WhiteElo "2605"]
[BlackElo "2428"]
[Result "0-1"]
[Round "3"]
[TimeControl "180+1"]
[Date "2023.08.01"]
[WhiteClock "0:00:11"]
[BlackClock "0:00:37"]
[Board "130"]

1. e4 c6 2. d4 d5 3. Nd2 dxe4 4. Nxe4 Nf6 5. Nxf6+ exf6 6. Nf3 Bd6 7. Bd3 O-O 8. O-O Bg4 9. c3 Qc7 10. h3 Bh5 11. Be2 Re8 12. Re1 Nd7 13. Be3 Bf4 14. Bxf4 Qxf4 15. g3 Qd6 16. Nd2 Bg6 17. Bf3 Nb6 18. Ne4 Bxe4 19. Bxe4 g6 20. Qf3 f5 21. Bc2 Qd5 22. Qxd5 Nxd5 23. Bb3 Kf8 24. Kg2 Nf6 25. Rad1 Rxe1 26. Rxe1 Re8 27. Rxe8+ Kxe8 28. Kf3 Ke7 29. Kf4 h6 30. f3 Nh5+ 31. Ke3 Nxg3 32. d5 g5 33. dxc6 bxc6 34. f4 Ne4 35. Bc2 Nd6 36. Bd3 Kf6 37. Kf3 c5 38. c4 Ne8 39. a3 a5 40. Kg3 Nc7 41. h4 Ne6 42. hxg5+ hxg5 43. fxg5+ Kxg5 44. Kf3 Nd4+ 45. Ke3 Nc6 46. Be2 Ne5 47. b3 f6 48. Bd1 f4+ 49. Ke4 f3 50. Kd5 f2 51. Be2 Kf4 52. Kxc5 Ke3 53. Bf1 Nf3 54. Kd5 Nh2 55. Bg2 Kf4 56. c5 Kg3 57. c6 Kxg2 58. c7 f1=Q 59. c8=Q Qf3+ 60. Kd6 Qxb3 61. Qc6+ Nf3 62. Qc5 a4 63. Ke7 f5 64. Kf6 f4 65. Kf5 Qe3 66. Qc2+ Kg3 67. Qxa4 Nd4+ 68. Kf6 f3 69. Qxd4 Qxd4+ 70. Kf7 f2 71. Kg8 f1=Q 72. a4 Qd8+ 73. Kh7 Qf5+ 74. Kh6 Qdf6# 0-1


[Site "https://www.chess.com"]

[Event "Titled Tuesday Blitz August 1 Early 2023"]
[White "Sliwicki, Damian"]
[Black "Principe, Gerson"]
[WhiteFideId "1127128"]
[BlackFideId "3804550"]
[WhiteElo "2428"]
[BlackElo "2603"]
[Result "0-1"]
[Round "3"]
[TimeControl "180+1"]
[Date "2023.08.01"]
[WhiteClock "0:00:07"]
[BlackClock "0:00:06"]
[Board "131"]

1. e4 c5 2. Nf3 e6 3. d4 cxd4 4. Nxd4 Nf6 5. Nc3 Nc6 6. g3 d5 7. Nxc6 bxc6 8. Bg2 Ba6 9. Qd4 Qb6 10. Be3 Qxd4 11. Bxd4 Be7 12. O-O-O O-O 13. Rhe1 Rfd8 14. exd5 cxd5 15. Rg1 Nd7 16. f4 g6 17. g4 Bc5 18. f5 Bxd4 19. Rxd4 Nf8 20. fxe6 fxe6 21. Re1 Rac8 22. g5 Rc7 23. Bh3 Bc8 24. Ree4 Rf7 25. Re3 Rf2 26. Rd2 Rxd2 27. Kxd2 d4 28. Rf3 dxc3+ 29. Kxc3 Bb7 30. Re3 Bd5 31. Kb4 Rb8+ 32. Kc5 Rxb2 33. c3 Rxa2 34. Kd4 Rd2+ 35. Ke5 a5 36. Kf6 Rf2+ 37. Ke7 Rf3 38. Re2 Rxh3 39. c4 Bxc4 40. Rf2 Nd7 41. Kxd7 e5 42. Ke7 Kg7 43. Rc2 Bf7 44. Rf2 Bg8 45. Ke8 Rb3 46. Rd2 Rb8+ 47. Ke7 Rf8 48. Rb2 Rf7+ 49. Ke8 e4 50. Ra2 Ra7 51. Re2 Bf7+ 52. Kd8 a4 53. h4 a3 54. h5 gxh5 55. g6 hxg6 56. Rc2 a2 57. Rc3 Ra8+ 58. Kd7 a1=Q 59. Rc6 Qd4+ 60. Rd6 Ra7+ 61. Kc8 Qc5+ 62. Kb8 Qc7# 0-1


[Site "https://www.chess.com"]

[Event "Titled Tuesday Blitz August 1 Early 2023"]
[White "Stachanczyk, Jacek"]
[Black "Krstulovic, Alex"]
[WhiteFideId "1116657"]
[BlackFideId "760056"]
[WhiteElo "2427"]
[BlackElo "2603"]
[Result "1-0"]
[Round "3"]
[TimeControl "180+1"]
[Date "2023.08.01"]
[WhiteClock "0:00:15"]
[BlackClock "0:00:10"]
[Board "132"]

1. e4 c6 2. d4 Na6 3. c4 e5 4. dxe5 d6 5. exd6 Bxd6 6. Nc3 Nf6 7. Nf3 Qe7 8. e5 Bxe5 9. Nxe5 Bg4 10. Be2 Rd8 11. Nd3 Nc5 12. O-O Rxd3 13. Qc2 Bxe2 14. Nxe2 O-O 15. b4 Re8 16. Ng3 Rxg3 17. fxg3 Nce4 18. a3 a5 19. c5 Ng4 20. Qe2 Qe5 21. Bb2 Qg5 22. Rf4 f5 23. Qc4+ Kh8 24. Qf7 Ngf6 25. Raf1 Qg6 26. Qxg6 hxg6 27. Bxf6 Nxf6 28. bxa5 Nd5 29. Rd4 Ra8 30. Rb1 Rxa5 31. Rxb7 Rxc5 32. Rb8+ Kh7 33. Rh4# 1-0


[Site "https://www.chess.com"]